 Dungeon Crawl Stone Soup version 0.30.1-11-g7821555f0a (webtiles) character file.

Game seed: 8481455620099786323

196 porpoise the Shooter (level 5, 0/32 HPs)
             Began as a Tengu Hunter on Dec 21, 2023.
             Succumbed to a scorpion's poison
             ... on level 4 of the Dungeon.
             The game lasted 00:02:27 (854 turns).

porpoise the Shooter (Tengu Hunter)                  Turns: 854, Time: 00:02:28

Health: 0/32       AC:  4    Str:  9 (11) XL:     5   Next: 74%
Magic:  6/6        EV: 14    Int:  7 (10) God:
Gold:   68         SH:  0    Dex: 18 (19) Spells: 4/4 levels left

rFire   . . .        a - +0 shortbow
rCold   . . .        (shield currently unavailable)
rNeg    . . .        c - +1 leather armour
rPois   .            (helmet restricted)
rElec   .            (no cloak)
rCorr   +            (no gloves)
SInv    .            (boots unavailable)
Will    .....        (no amulet)
Stlth   ++           i - ring of resist corrosion
HPRegen 0.25/turn    (no ring)
MPRegen 0.10/turn

%: no passive effects
@: lethally poisoned (0 -> -4), flying quickly and evasively, quick
A: beak, talons 3, nimble flight
a: no special abilities


You were on level 4 of the Dungeon.
You visited 1 branch of the dungeon, and saw 3 of its levels.

You collected 68 gold pieces.

Inventory:

Hand Weapons
 a - a +0 shortbow (weapon)
Armour
 c - a +1 leather armour (worn)
Jewellery
 i - a ring of resist corrosion (left hand)
Scrolls
 b - a scroll of immolation
 d - a scroll of amnesia {unknown}
 f - a scroll of poison {unknown}
 g - a scroll of enchant armour
 j - 2 scrolls of identify {unknown}
 n - a scroll of fear {unknown}
 o - a scroll of magic mapping {unknown}
 p - a scroll of torment {unknown}
Potions
 k - a potion of mutation {unknown}
 l - a potion of attraction {unknown}
 m - a potion of heal wounds {unknown}


   Skills:
 + Level 3.6 Fighting
 * Level 6.6 Ranged Weapons
 - Level 2.1 Dodging
 - Level 1.0 Stealth


You had 4 spell levels left.
You didn't know any spells.
Your spell library contained the following spells:

 Spells                   Type           Power      Damage    Failure   Level
 Summon Guardian Golem    Hex/Summ       0%         N/A       89%         3
 Orb of Destruction       Conj           0%         9d5       100%        7
 Spellforged Servitor     Conj/Summ      0%         N/A       100%        7


Dungeon Overview and Level Annotations

Branches:
Dungeon (2/15)

Altars:


Innate Abilities, Weirdness & Mutations

You have a beak for a mouth.
You have claws for feet.
Your magical nature lets you fly swiftly and evasively.


Message History

The scorpion stings you.
You shoot an arrow. The arrow hits the scorpion.
The scorpion is severely wounded.
The scorpion closely misses you. The scorpion misses you.
You shoot an arrow.
The arrow completely misses the scorpion.
The scorpion barely misses you.
You shoot an arrow.
The arrow hits the scorpion but does no damage.
The scorpion is severely wounded.
The scorpion barely misses you. x2
You shoot an arrow. The arrow barely misses the scorpion.
The scorpion stings you.
You shoot an arrow. The arrow closely misses the scorpion.
The scorpion misses you.
The scorpion stings you but does no damage.
You shoot an arrow.
The arrow hits the scorpion but does no damage.
The scorpion is heavily wounded.
The scorpion stings you.
You shoot an arrow. The arrow hits the scorpion.
The scorpion is almost dead.
The scorpion misses you. The scorpion stings you.
* * * LOW HITPOINT WARNING * * *
You are lethally poisoned!
The scorpion poisons you!
You shoot an arrow. The arrow hits the scorpion.
You kill the scorpion!
* * * LOW HITPOINT WARNING * * *
You feel very sick.
There is a lethal amount of poison in your body!
* * * LOW HITPOINT WARNING * * *
You feel sick.
It was a potion of magic.
Magic courses through your body.
* * * LOW HITPOINT WARNING * * *
You feel sick.
It was a potion of degeneration.
There was something very wrong with that liquid.
You feel weakened.
You feel dopey.
You feel clumsy.
You die...

....# #. ....# #.
#...# .##.. #...#
.....##...#
..........#
....?.....#
........@.# .
#########+##...#
..##.....##..##...#
.............##...#
#.........##...#
#..............# .
#.....##.......#
..##.....##.......#
.........#........#


There were no monsters in sight!

Vanquished Creatures
  An ogre (D:4)
  A scorpion (D:4)
  An adder (D:4)
  3 orcs (D:4)
  4 ball pythons
  3 endoplasms
  3 giant cockroaches
  5 hobgoblins
  A quokka (D:1)
  4 bats (D:1)
  3 frilled lizards
  5 kobolds
  4 rats (D:1)
38 creatures vanquished.

Notes
Turn   | Place    | Note
-------+----------+-------------------------------------------
     0 | D:1      | porpoise the Tengu Hunter began the quest for the Orb.
     0 | D:1      | Reached XP level 1. HP: 12/12 MP: 2/2
   123 | D:1      | Reached XP level 2. HP: 17/17 MP: 3/3
   445 | D:1      | Reached skill level 5 in Ranged Weapons
   529 | D:1      | Reached XP level 3. HP: 22/22 MP: 4/4
   703 | D:2      | You fall into a shaft and drop 2 floors!
   723 | D:4      | Noticed an ogre
   762 | D:4      | Killed an ogre
   763 | D:4      | Reached skill level 6 in Ranged Weapons
   763 | D:4      | Reached XP level 4. HP: 28/28 MP: 5/5
   763 | D:4      | Gained mutation: Your magical nature lets you fly swiftly
                  | and evasively. [Tengu growth]
   763 | D:4      | Reached XP level 5. HP: 32/32 MP: 6/6
   853 | D:4      | HP: 1/32 [poisoned by a scorpion]
   854 | D:4      | Succumbed to a scorpion's poison

Illustrated notes

Levels and vault maps discovered:
D:1:      mrwooster_arrival_statue_3, layout_basic
D:2:      layout_loops_ring, basic_altar
D:4:      layout_gridville, nrook_campfire, uniq_sigmund

Skill      XL: |  1  2  3 |
---------------+----------+-----
Ranged Weapons | 5 6 |  6.6
Fighting       | 3 |  3.6
Dodging        | |  2.1
Stealth        | |  1.0

Action                     |  1- 3 |  4- 6 || total
---------------------------+-------+-------++-------
   Fire: Shortbow          |    98 |    16 ||   114
    Use: Scroll            |     1 |       ||     1
         Potion            |       |     2 ||     2
 Armour: Leather armour    |     5 |     1 ||     6
  Dodge: Dodged            |    20 |    12 ||    32
